 Dungeon Crawl Stone Soup version 0.23.2-40-g277498a001 (webtiles) character file.

Game seed: 10871366731807856526

123 Felnil the Skirmisher (level 4, -1/39 HPs)
             Began as a Mummy Fighter on Aug 14, 2019.
             Slain by an orc
             ... wielding a +0 dagger
              (2 damage)
             ... on level 2 of the Dungeon.
             The game lasted 00:03:05 (1782 turns).

Felnil the Skirmisher (Mummy Fighter)               Turns: 1782, Time: 00:03:06

Health: -1/39      AC:  6    Str: 20    XL:     4   Next: 79%
Magic:  4/4        EV:  7    Int:  7    God:
Gold:   59         SH:  8    Dex: 11    Spells: 3/3 levels left

rFire    x . .     SeeInvis .   a - +0 war axe
rCold    + . .     Gourm    .   c - +0 shield
rNeg     + + +     Faith    .   b - +0 scale mail
rPois    ∞         Spirit   .   (no helmet)
rElec    .         Reflect  .   (no cloak)
rCorr    .         Harm     .   (no gloves)
MR       .....                  (no boots)
Stlth    ..........             (no amulet)
HPRegen  0.13/turn              (no ring)
MPRegen  0.09/turn              (no ring)

@: about to teleport
A: no food or potions, fire vulnerability, cold resistance 1, negative energy
resistance 3, torment resistance, unbreathing
a: no special abilities


You were on level 2 of the Dungeon.
You were not hungry.

You visited 1 branch of the dungeon, and saw 3 of its levels.

You collected 59 gold pieces.

Inventory:

Hand Weapons
 a - a +0 war axe (weapon)
Armour
 b - a +0 scale mail (worn)
 c - a +0 shield (worn)
Jewellery
 g - an uncursed ring of protection from fire {unknown}
Scrolls
 e - a scroll of fear {unknown}
 f - a scroll of identify {unknown}


   Skills:
 + Level 5.6 Fighting
 - Level 1.5 Axes
 - Level 2.4 Armour
 - Level 2.4 Shields


You had 3 spell levels left.
You didn't know any spells.
Your spell library was empty.

Dungeon Overview and Level Annotations

Branches:
Dungeon (3/15)

Altars:
Elyvilon

Annotations:
D:3 Ijyb


Innate Abilities, Weirdness & Mutations

You do not eat or drink.
Your flesh is vulnerable to fire.
You are immune to poison.
Your flesh is cold resistant. (rC+)
You are immune to negative energy. (rN+++)
You are immune to unholy pain and torment.
You can survive without breathing.


Message History

* * * LOW HITPOINT WARNING * * *
The quokka barely misses you.
There is an open door here.
You closely miss the orc. The orc hits you but does no damage.
The orc hits you with a +0 dagger.
* * * LOW HITPOINT WARNING * * *
You hit the orc but do no damage. The orc hits you with a +0 dagger.
* * * LOW HITPOINT WARNING * * *
You closely miss the orc. You block the orc's attack.
The orc barely misses you.
You closely miss the orc. You block the orc's attack.
You closely miss the orc.
You are no longer corroded.
The orc hits you with a +0 dagger.
* * * LOW HITPOINT WARNING * * *
You block the orc's attack.
As you read the scroll labeled POSEZYPRAFYZ, it crumbles to dust.
You feel strangely unstable.
It was a scroll of teleportation.
The orc hits you with a +0 dagger.
You die...

≈≈≈≈≈≈≈≈≈≈≈≈..# #.#.###.#
≈≈....≈.≈≈≈.≈## #.....#.#
≈...≈≈.......# ###.#.#.#
#########'#### #.....# #
##...## ###.### #
##.....## ### #.# ##
##.......## ##.###.#
.####.........####...##.##
....'.........ro@........#
..###....>....###......#.#
#.# ##.......## #.#.##...#
#.# ##.....## #.########
#.# ##...## #.# #.# ##+##
#.# #.# #.# #.# ..# #.#
#.# #########.## #.#


You could see an orc and a quokka.

Vanquished Creatures
  Terence (D:2)
  5 adders (D:2)
  2 worms (D:2)
  A leopard gecko (D:1)
  4 bats
  3 giant cockroaches
  3 goblins (D:2)
  6 hobgoblins
  10 jackals
  2 kobolds
  A ball python (D:2)
  3 frilled lizards (D:1)
  3 rats (D:1)
44 creatures vanquished.

Vanquished Creatures (others)
  A rat (D:3)
1 creature vanquished.

Grand Total: 45 creatures vanquished

Notes
Turn   | Place    | Note
-------+----------+-------------------------------------------
     0 | D:1      | Felnil the Mummy Fighter began the quest for the Orb.
     0 | D:1      | Reached XP level 1. HP: 18/18 MP: 1/1
   178 | D:1      | Reached XP level 2. HP: 14/24 MP: 2/2
   535 | D:1      | Reached skill level 4 in Fighting
   682 | D:2      | Reached XP level 3. HP: 30/30 MP: 3/3
   737 | D:2      | Found a faded altar of an unknown god.
   985 | D:2      | Noticed Terence
   998 | D:2      | Killed Terence
   998 | D:2      | Reached skill level 5 in Fighting
   998 | D:2      | Reached XP level 4. HP: 13/39 MP: 4/4
  1343 | D:2      | Found a white marble altar of Elyvilon.
  1763 | D:3      | Noticed Ijyb
  1780 | D:2      | HP: 1/39 [orc/+0 dagger (2)]
  1782 | D:2      | Slain by an orc

Skill      XL: |  1  2  3 |
---------------+----------+-----
Fighting       | 4 5 |  5.6
Axes           | |  1.5
Armour         | |  2.4
Shields        | |  2.4

Action                   |  1- 3 |  4- 6 || total
-------------------------+-------+-------++-------
Melee: War axe           |   120 |    34 ||   154
  Use: Scroll            |       |     1 ||     1
Armor: Scale mail        |    75 |    12 ||    87
Dodge: Dodged            |    45 |    11 ||    56
Block: Shield            |    82 |    20 ||   102
